 Dungeon Crawl Stone Soup version 0.21.1-1-g345015f (webtiles) character file.

9410 Fang the Cleaver (level 11, -6/67 HPs)
             Began as a Gargoyle Fighter on May 8, 2018.
             Was a Priest of Makhleb.
             Mangled by a two-headed ogre
             ... wielding a cursed -1 giant club
              (15 damage)
             ... on level 10 of the Dungeon.
             The game lasted 00:24:51 (8878 turns).

Fang the Cleaver (Gargoyle Fighter)                 Turns: 8878, Time: 00:24:51

Health: -6/67      AC: 18    Str: 23    XL:     11   Next: 46%
Magic:  11/11      EV: 15    Int: 11    God:    Makhleb [***...]
Gold:   609        SH: 11    Dex: 11    Spells: 10/10 levels left

rFire    . . .     SeeInvis .   a - +2 war axe
rCold    . . .     Gourm    .   c - +0 shield
rNeg     + . .     Faith    .   b - +2 scale mail
rPois    ∞         Spirit   .   (helmet restricted)
rElec    +         Reflect  .   m - scarf {repulsion}
rCorr    .         Harm     .   (no gloves)
MR       .....                  (no boots)
Stlth    +++.......             (no amulet)
HPRegen  0.21/turn              k - +5 ring of evasion
MPRegen  0.12/turn              n - ring of stealth

@: repel missiles
A: beak, agile 1, blurry vision 1, clever 1, negative energy resistance 1,
electricity resistance, unbreathing, petrification resistance, rot immunity, AC
+8
a: Minor Destruction, Lesser Servant of Makhleb, Renounce Religion


You were on level 10 of the Dungeon.
You worshipped Makhleb.
Makhleb was most pleased with you.
You were not hungry.

You visited 2 branches of the dungeon, and saw 12 of its levels.

You collected 609 gold pieces.

Inventory:

Hand Weapons
 a - a +2 war axe (weapon)
Missiles
 u - 12 tomahawks of returning (quivered)
Armour
 b - a +2 scale mail (worn)
 c - a +0 shield (worn)
 m - a scarf of repulsion (worn)
Jewellery
 k - a +5 ring of evasion (left hand)
 n - a ring of stealth (right hand)
 o - a +3 ring of slaying
 E - an uncursed ring of protection from magic {unknown}
 F - an uncursed ring of positive energy {unknown}
Wands
 g - a wand of flame (25)
 l - a wand of digging (15)
 w - a wand of iceblast (24)
 x - a wand of paralysis (17)
 y - a wand of enslavement (12)
 A - a wand of random effects (23)
Scrolls
 p - 3 scrolls of amnesia
 r - 4 scrolls of teleportation
 t - a scroll of remove curse
 B - a scroll of identify
 C - a scroll of magic mapping
Potions
 d - 3 potions of might
 e - 2 potions of cancellation
 h - 2 potions of haste
 i - 3 potions of curing
 j - a potion of ambrosia
 v - a potion of brilliance
 z - a potion of mutation
Books
 s - a book of Unlife

   Spells                             Type                      Level
   a - Recall                         Summoning/Translocation      3
   b - Animate Dead                   Necromancy                   4
   c - Borgnjor's Vile Clutch         Necromancy/Earth             5
   d - Death Channel                  Necromancy                   6
   e - Simulacrum                     Ice/Necromancy               6
Comestibles
 f - 19 rations


   Skills:
 + Level 7.5 Fighting
 + Level 10.2 Axes
 + Level 7.5 Armour
 + Level 3.9 Dodging
 * Level 8.0 Stealth
 + Level 8.1 Shields


You had 10 spell levels left.
You didn't know any spells.

Dungeon Overview and Level Annotations

Branches:
Dungeon (11/15)            Temple (1/1) D:5             Orc (0/2) D:10
   Lair: D:8-11

Altars:
Ashenzari
Cheibriados
Dithmenos
Elyvilon
Fedhas
Gozag
Hepliaklqana
Kikubaaqudgha
Makhleb
Nemelex Xobeh
Okawaru
Qazlal
Ru
Sif Muna
Trog
Uskayaw
Vehumet
Wu Jian
Xom
Yredelemnul
Zin
The Shining One
Jiyva

Shops:
D:4 [   D:5 (*:   D:8 ::   D:9 =

Annotations:
D:9 Prince Ribbit


Innate Abilities, Weirdness & Mutations

You are resistant to torment.
Your stone body is resilient. (AC +8)
You are immune to poison.
You resist negative energy. (rN+)
You are resistant to electric shocks. (rElec)
You can survive without breathing.
You are immune to petrification.
You are immune to rotting.
You have a beak for a mouth.
You are agile. (Dex +2)
Scrolls take you a little longer to read.
Your mind is acute. (Int +2)


Message History

Okay, then.
Drop what? 31/52 slots (_ for help) (? for menu, Esc to quit)
You drop a scroll of noise.
The tengu warrior barely misses you. You block the tengu warrior's attack.
The tengu warrior closely misses you.
Unknown command.
You don't know any spells.
A demon appears!
You block the two-headed ogre's attack. x2
The two-headed ogre barely misses you.
The two-headed ogre hits you with a great mace.
* * * LOW HITPOINT WARNING * * *
The tengu warrior hits you but does no damage.
The tengu warrior pecks you but does no damage.
The tengu warrior misses you.
Press: ? - help, Shift-Dir - straight line, f - tengu warrior
Aim: a tengu warrior, wielding a halberd and wearing a leather armour The puff of flame hits the tengu warrior.
The tengu warrior appears unharmed.
The two-headed ogre hits you but does no damage.
The two-headed ogre hits you with a giant club!
You die...

##.#####.#.#.# #...≈≈...
#.#...#.#.#.# #....≈≈≈.
#.#.#.#.#.#.# #...≈≈≈..
#.#.#.#.#.#.# #...≈≈≈≈.
#.#.#.#<#.#.# #....≈≈≈.
#.#.#...#.#.# #.....≈≈.
#.#.###.#.#.# #########
#.#.#.Q%#.#.############
#.#.#.#@O.....##.....#..
#.#.#.#O#3#.#..#.#.#...#
#.#.#.#.#.#...#.##....#.
#.#.#.#.#.#########..###
#.#.#.#.#.#####.##......
#.#.#.#.#.#...##.).....#
#.#.#.#.......##.##.##)(
#...#.#.#.....##..###.[#
#####.#...#.####.#####..


You could see a tengu warrior, 2 two-headed ogres and a friendly ynoxinul.

Vanquished Creatures
  A two-headed ogre (D:9)
  An unseen horror (D:10)
  The ghost of MemeProof the Skirmisher, a novice MiFi (D:6)
  Joseph (D:8)
  The ghost of enemycoke the Cudgeler, a novice OpBe of Trog (D:5)
  A queen bee (D:10)
  A hippogriff (D:9)
  A hornet (D:10)
  Sigmund (D:5)
  A vampire (D:10)
  3 yaks (D:9)
  Eustachio (D:5)
  A vampire mosquito (D:10)
  Edmund (D:6)
  Menkaure (D:7)
  4 orc warriors
  3 sky beasts
  2 phantoms
  An ogre (D:4)
  5 black bears
  A necrophage (D:9)
  5 ice beasts
  4 centaurs
  5 bullfrogs
  A scorpion (D:7)
  23 killer bees (D:10)
  6 electric eels (D:7)
  8 wights
  5 howler monkeys
  A crimson imp (D:5)
  2 bullfrog zombies
  6 hounds
  3 orc wizards
  A quasit (D:7)
  4 orc priests
  A bullfrog skeleton (D:5)
  2 jellies
  3 iguanas
  3 worker ants
  A killer bee zombie (D:7)
  A hound zombie (D:8)
  Robin (D:2)
  A worker ant zombie (D:5)
  3 gnolls (D:5)
  12 adders
  4 shadow imps
  An ooze (D:5)
  An adder zombie (D:6)
  An adder skeleton (D:9)
  3 worms
  4 dart slugs
  6 leopard geckos
  21 orcs
  4 bats
  2 giant cockroaches
  14 hobgoblins
  11 jackals
  4 quokkas
  3 ball pythons (D:1)
  4 frilled lizards
  16 goblins
  7 kobolds
  6 rats
  2 plants (D:7)
249 creatures vanquished.

Vanquished Creatures (others)
  2 plants (D:7)
2 creatures vanquished.

Grand Total: 251 creatures vanquished

Notes
Turn   | Place    | Note
-------+----------+-------------------------------------------
     0 | D:1      | Fang the Gargoyle Fighter began the quest for the Orb.
     0 | D:1      | Reached XP level 1. HP: 14/14 MP: 1/1
   207 | D:1      | Reached XP level 2. HP: 14/19 MP: 2/2
   754 | D:2      | Reached skill level 2 in Axes
   820 | D:2      | Reached XP level 3. HP: 23/24 MP: 3/3
  1155 | D:2      | Reached XP level 4. HP: 26/29 MP: 4/4
  1202 | D:2      | Noticed Robin
  1212 | D:2      | Killed Robin
  1244 | D:2      | Reached skill level 3 in Axes
  1321 | D:2      | Found an ancient bone altar of Kikubaaqudgha.
  1322 | D:2      | Found a hazy altar of Hepliaklqana.
  1460 | D:3      | Reached XP level 5. HP: 33/33 MP: 5/5
  1921 | D:4      | Noticed an ogre
  1926 | D:4      | Killed an ogre
  1926 | D:4      | Reached skill level 1 in Dodging
  1926 | D:4      | Reached XP level 6. HP: 38/38 MP: 6/6
  2533 | D:4      | Found a hide-covered altar of Uskayaw.
  2680 | D:4      | Found Udokadij's Antique Armour Shop.
  2700 | D:4      | Found a burning altar of Makhleb.
  2707 | D:4      | Reached skill level 4 in Axes
  2716 | D:4      | Became a worshipper of Makhleb the Destroyer
  3160 | D:5      | Entered Level 5 of the Dungeon
  3196 | D:5      | Noticed Sigmund
  3225 | D:5      | Killed Sigmund
  3225 | D:5      | Reached XP level 7. HP: 18/44 MP: 7/7
  3411 | D:5      | Noticed enemycoke's ghost (novice OpBe)
  3425 | D:5      | Reached skill level 5 in Axes
  3431 | D:5      | Killed enemycoke's ghost
  3431 | D:5      | Reached skill level 5 in Armour
  3431 | D:5      | Reached skill level 5 in Shields
  3431 | D:5      | Reached XP level 8. HP: 43/48 MP: 8/8
  3472 | D:5      | Found a radiant altar of Vehumet.
  3475 | D:5      | Found a bloodstained altar of Trog.
  3644 | D:5      | Found Kemouwn's Weapon Shoppe.
  3654 | D:5      | Found a staircase to the Ecumenical Temple.
  3787 | D:5      | Found Largheif's Book Emporium.
  3788 | D:5      | Found Koitwob's Assorted Antiques.
  3949 | D:5      | Found a shadowy altar of Dithmenos.
  4071 | D:5      | Reached skill level 5 in Fighting
  4071 | D:5      | Reached skill level 6 in Axes
  4112 | Temple   | Entered the Ecumenical Temple
  4293 | D:6      | Noticed Eustachio
  4310 | D:5      | Reached skill level 1 in Stealth
  4505 | D:6      | Noticed MemeProof's ghost (novice MiFi)
  4531 | D:5      | Killed Eustachio
  4546 | D:6      | Killed MemeProof's ghost
  4546 | D:6      | Reached XP level 9. HP: 36/54 MP: 9/9
  4606 | D:6      | Reached skill level 7 in Axes
  4667 | D:6      | Noticed Edmund
  4676 | D:6      | Killed Edmund
  4702 | D:6      | Reached * piety under Makhleb
  4738 | D:6      | Found an iron altar of Okawaru.
  4951 | D:6      | Found an ornate altar of the Wu Jian Council.
  5185 | D:7      | Reached skill level 8 in Axes
  5196 | D:7      | Noticed Menkaure
  5199 | D:7      | Found a white marble altar of Elyvilon.
  5202 | D:7      | Killed Menkaure
  5503 | D:7      | Reached skill level 5 in Stealth
  5745 | D:7      | Reached XP level 10. HP: 18/61 MP: 10/10
  6068 | D:7      | Found a sacrificial altar of Ru.
  6262 | D:8      | Found Feomen's Book Emporium.
  6262 | D:8      | Noticed Prince Ribbit
  6300 | D:8      | Found a glowing golden altar of the Shining One.
  6362 | D:8      | Found Maloqeas's Book Shop.
  6657 | D:8      | Noticed Joseph
  6679 | D:8      | Killed Joseph
  6837 | D:8      | Found a shattered altar of Ashenzari.
  7208 | D:9      | Reached ** piety under Makhleb
  7263 | D:9      | Reached skill level 9 in Axes
  7315 | D:9      | Found a deep blue altar of Sif Muna.
  7339 | D:9      | Found Muuron's Jewellery Emporium.
  7339 | D:9      | Noticed a two-headed ogre
  7354 | D:9      | Killed a two-headed ogre
  7598 | D:10     | Entered Level 10 of the Dungeon
  7890 | D:10     | Reached XP level 11. HP: 64/67 MP: 11/11
  8113 | D:10     | Found a staircase to the Orcish Mines.
  8210 | D:10     | Gained mutation: Scrolls take you a little longer to read. [potion of mutation]
  8210 | D:10     | Gained mutation: You are agile. (Dex +2) [potion of mutation]
  8210 | D:10     | Gained mutation: You have a beak for a mouth. [potion of mutation]
  8210 | D:10     | Gained mutation: Your mind is acute. (Int +2) [potion of mutation]
  8228 | D:10     | Reached skill level 10 in Axes
  8247 | D:10     | Reached *** piety under Makhleb
  8590 | D:10     | Killed an unseen horror
  8840 | D:11     | Noticed a tengu warrior
  8840 | D:11     | Noticed a two-headed ogre
  8840 | D:11     | Noticed a two-headed ogre
  8878 | D:10     | Mangled by a two-headed ogre

Skill      XL: |  1  2  3  4  5  6  7  8  9 10 11 |
---------------+----------------------------------+-----
Axes           | 2 3 4 5 6 8 9 10 | 10.2
Shields        | 4 5 6 7 8 |  8.1
Armour         | 4 5 6 7 |  7.5
Fighting       | 4 5 6 7 |  7.5
Dodging        | 1 2 3 |  3.9
Stealth        | 3 5 7 8 |  8.0

Action                   |  1- 3 |  4- 6 |  7- 9 | 10-12 || total
-------------------------+-------+-------+-------+-------++-------
Melee: War axe           |   117 |   140 |   267 |   445 ||   969
       Peck              |       |       |       |    20 ||    20
Invok: Minor Destruction |       |       |       |     1 ||     1
       Lesser Servant of |       |       |       |     1 ||     1
  Use: Scroll            |       |    11 |     6 |     4 ||    21
       Potion            |       |       |     6 |     6 ||    12
 Stab: Sleeping          |       |       |     4 |     6 ||    10
  Eat: Chunk             |       |     6 |    10 |     8 ||    24
       Ration            |       |       |       |     1 ||     1
Armor: Scale mail        |    55 |    56 |   105 |   202 ||   418
       Skin              |       |       |       |    37 ||    37
Dodge: Dodged            |    47 |    59 |   150 |   315 ||   571
       Deflected         |     1 |       |    16 |     1 ||    18
Block: Shield            |    82 |    72 |   136 |   347 ||   637
